 Dungeon Crawl Stone Soup version 0.28-a0-909-g796cbd3a86 (webtiles) character file.

Game seed: 14478924158610594441

21363 1994 the Carver (level 12, -10/75 HPs)
             Began as a Tengu Venom Mage on Nov 25, 2021.
             Was a High Priest of Okawaru.
             Mangled by a hell knight (19 damage)
             ... in a volcano.
             The game lasted 00:58:45 (22106 turns).

1994 the Carver (Tengu Venom Mage)                 Turns: 22106, Time: 00:58:45

Health: -10/75     AC: 12    Str:  9    XL:     12   Next: 89%
Magic:  21/21      EV: 19    Int: 20    God:    Okawaru [*****.]
Gold:   875        SH:  5    Dex: 15    Spells: 5/22 levels left

rFire   + + .      SeeInvis .   b - +2 long sword (holy)
rCold   + . .      Faith    .   M - +0 buckler
rNeg    . . .      Spirit   .   v - +2 steam dragon scales
rPois   .          Reflect  .   (helmet restricted)
rElec   .          Harm     .   p - scarf {rC+ rF+}
rCorr   .          Rampage  .   (no gloves)
Will    .....                   (boots unavailable)
Stlth   ++........              (no amulet)
HPRegen 0.22/turn               T - ring of protection from fire
MPRegen 0.17/turn               U - +4 ring of protection

@: flying quickly and evasively, quick
A: beak, talons 3, nimble flight
a: Renounce Religion, Heroism, Finesse, Duel


You were in a volcano.
You worshipped Okawaru.
Okawaru was extremely pleased with you.
You visited 3 branches of the dungeon, and saw 15 of its levels.
You also visited: Volcano.

You collected 875 gold pieces.

Inventory:

Hand Weapons
 a - a +0 dagger of venom
 b - a +2 long sword of holy wrath (weapon)
 g - a +0 dagger of protection
 j - a +0 hunting sling
 o - a +1 vampiric dagger
 x - a +1 dagger of draining
 A - a +2 war axe of flaming
Missiles
 f - 65 bolts
 k - 313 stones (quivered)
 N - a curare-tipped dart
Armour
 p - a scarf of resistance (worn)
 v - +2 steam dragon scales (worn)
 L - a +0 troll leather armour
 M - a +0 buckler (worn)
 Q - a +1 scale mail of fire resistance
 R - a +0 robe of cold resistance
 S - the +4 kite shield of the Loofah {+Inv rF- rCorr Str+2}
   (Okawaru gifted it to you on level 10 of the Dungeon)

   Str:       It affects your strength (+2).
   rF:        It makes you vulnerable to fire.
   +Inv:      It lets you turn invisible.
   rCorr:     It protects you from acid and corrosion.
Jewellery
 O - a ring of fire
 T - a ring of protection from fire (left hand)
 U - a +4 ring of protection (right hand)
Wands
 s - a wand of flame (33)
 z - a wand of polymorph (25)
 E - a wand of iceblast (13)
 F - a wand of mindburst (6)
Scrolls
 n - a scroll of enchant armour
 y - a scroll of amnesia {unknown}
 B - a scroll of magic mapping
 C - a scroll of enchant weapon
 D - a scroll of brand weapon {unknown}
 G - a scroll of immolation
 K - 2 scrolls of fog {unknown}
 P - a scroll of acquirement {unknown}
Potions
 c - a potion of flight
 h - 2 potions of brilliance
 i - 2 potions of magic
 l - 3 potions of haste
 m - 3 potions of cancellation
 q - 3 potions of might
 r - a potion of berserk rage
 t - 2 potions of curing
 u - 3 potions of lignification
 H - 3 potions of resistance
 I - 3 potions of invisibility
 J - a potion of degeneration {unknown}


   Skills:
 * Level 8.4 Fighting
 * Level 9.1 Long Blades
 + Level 8.4 Armour
 + Level 8.9 Dodging
 - Level 2.0 Stealth
 * Level 5.2 Shields
 + Level 5.7 Spellcasting
 - Level 5.0 Conjurations
 * Level 4.0 Transmutations
 - Level 5.0 Air Magic
 * Level 8.3 Poison Magic
 + Level 2.9 Invocations


You had 5 spell levels left.
You knew the following spells:

 Your Spells              Type           Power      Damage    Failure   Level
a - Sting                 Tmut/Pois      100%       1d8       1%          1
b - Poisonous Vapours     Pois/Air       64%        N/A       1%          2
c - Mephitic Cloud        Conj/Pois/Air  30%        N/A       2%          3
d - Olgreb's Toxic Radia  Pois           39%        N/A       3%          4
e - Eringya's Noxious Bo  Tmut/Pois      15%        N/A       78%         6
f - Apportation           Tloc           10%        N/A       11%         1

Your spell library contained the following spells:

 Spells                   Type           Power      Damage    Failure   Level
 Magic Dart               Conj           100%       1d8       1%          1
 Searing Ray              Conj           50%        2d6       1%          2
 Pain                     Necr           20%        1d5       11%         1
 Blink                    Tloc           10%        N/A       16%         2
 Ensorcelled Hibernation  Hex/Ice        10%        N/A       16%         2
 Alistair's Intoxication  Tmut/Pois      20%        N/A       24%         5
 Inner Flame              Hex/Fire       5%         N/A       32%         3
 Lesser Beckoning         Tloc           5%         N/A       32%         3
 Fulminant Prism          Conj/Hex       7%         3d7       36%         4
 Cause Fear               Hex            2%         N/A       71%         4
 Agony                    Necr           5%         N/A       96%         5
 Excruciating Wounds      Necr           2%         N/A       96%         5
 Manifold Assault         Tloc           5%         N/A       96%         5
 Storm Form               Tmut/Air       11%        N/A       100%        7
 Discord                  Hex            2%         N/A       100%        8
 Maxwell's Capacitive Co  Air            12%        ∞         100%        8
 Animate Skeleton         Necr           Unusable   N/A       N/A         1
 Summon Small Mammal      Summ           Unusable   N/A       N/A         1
 Call Imp                 Summ           Unusable   N/A       N/A         2
 Tukima's Dance           Hex            Unusable   N/A       N/A         3
 Summon Lightning Spire   Summ/Air       Unusable   N/A       N/A         4
 Summon Forest            Summ/Tloc      Unusable   N/A       N/A         5
 Summon Hydra             Summ           Unusable   N/A       N/A         7

Dungeon Overview and Level Annotations

Branches:
Dungeon (11/15)            Temple (1/1) D:7            Lair (3/6) D:9
 Shoals (0/4) Lair:2        Snake (0/4) Lair:3          Orc (0/2) D:10
Volcano (1/1)

Altars:
Ashenzari
Cheibriados
Dithmenos
Elyvilon
Fedhas
Gozag
Hepliaklqana
Kikubaaqudgha
Makhleb
Nemelex Xobeh
Okawaru
Qazlal
Ru
Sif Muna
Trog
Uskayaw
Vehumet
Wu Jian
Xom
Yredelemnul
Zin
The Shining One
Beogh

Annotations:
D:9 Erolcha
Lair:3 Snorg


Innate Abilities, Weirdness & Mutations

You have a beak for a mouth.
You have claws for feet.
Your magical nature lets you fly swiftly and evasively.


Message History

Okawaru accepts your kill. You block the hell knight's attack.
Your Transmutations skill increases to level 4!
You slash the hell knight!
The hell knight is lightly wounded.
The hell knight gestures at you while chanting.
The bolt of fire misses you.
You hit the hell knight. Your kick misses the hell knight.
The hell knight is moderately wounded.
The hell knight hits you but does no damage.
The hell knight hits you with a +1 scimitar of flaming!
The hell knight burns you.
You hit the hell knight.
The hell knight is moderately wounded.
The hell knight points at you and mumbles some strange words.
The bolt of fire misses you.
You hit the hell knight but do no damage.
The hell knight is moderately wounded.
The hell knight closely misses you.
You slash the hell knight!
The hell knight is heavily wounded.
The hell knight hits you with a +1 scimitar of flaming!
The hell knight burns you. You block the hell knight's attack.
You closely miss the hell knight. You claw the hell knight.
You peck the hell knight, but do no damage.
The hell knight is moderately wounded.
The hell knight hits you with a +1 scimitar of flaming!
The hell knight burns you.
You slash the hell knight! Your peck misses the hell knight.
The hell knight is heavily wounded.
You block the hell knight's attack.
You barely miss the hell knight.
The hell knight is heavily wounded.
The hell knight hits you but does no damage.
The hell knight hits you with a +1 scimitar of flaming!!
* * * LOW HITPOINT WARNING * * *
You hit the hell knight but do no damage.
The hell knight is heavily wounded.
The hell knight hits you with a +1 scimitar of flaming!!
You die...

#.....≈.≈.≈.....#.## ##
#.....≈≈≈≈≈≈≈≈......# §#
#.....≈§≈≈≈≈≈≈≈≈.....# ##☼☼
#.....≈≈§≈≈≈≈≈≈≈.....## ##≈≈≈
#.....≈≈§≈≈≈§§≈≈≈.....# ##≈..§
#.....§≈§≈≈≈≈§§......######≈§§..
........≈≈.≈.§........#.##.∩....
............##..........
..#..@..######.......# ###p###
######### #..∩.[.# ...?$..#
§.[$!..## #≈§§§!≈..# ##§≈§≈≈≈##
##§§≈§## #§§#


You could see a hell knight (fast).

Vanquished Creatures
  2 boulder beetles
  3 hydras
  A two-headed ogre (D:7)
  A centaur warrior (D:8)
  A deep elf pyromancer (D:8)
  4 ugly things
  2 cyclopes (D:8)
  2 black mambas (Lair:3)
  A rime drake (Lair:2)
  Maggie (D:6)
  An unseen horror (D:11)
  A torpor snail (Lair:3)
  5 komodo dragons
  4 trolls
  A dream sheep (Lair:3)
  2 hornets (D:8)
  A wraith (D:11)
  15 yaks
  3 wyverns
  5 steam dragons
  4 basilisks
  A vampire mosquito (D:8)
  Eustachio (D:6)
  Menkaure (D:4)
  7 water moccasins
  An acid dragon (D:8)
  2 hell hounds
  3 orc warriors
  A hornet zombie (D:6)
  A sky beast (D:7)
  3 black bears
  6 necrophages
  11 centaurs
  3 ogres
  2 kobold brigands (D:8)
  A bullfrog (D:9)
  3 gnoll sergeants
  6 killer bees
  6 wights (D:8)
  2 howler monkeys (D:7)
  2 lava snakes (D:9)
  5 centaur zombies
  2 bullfrog zombies (D:5)
  2 hounds
  A centaur skeleton (D:6)
  7 orc priests
  2 jellies
  A gnoll shaman (D:8)
  An iguana (D:6)
  4 orc wizards
  A hound zombie (D:4)
  A hound skeleton (D:4)
  Robin (D:4)
  10 gnolls
  8 adders
  A white imp (D:6)
  An ufetubus (D:4)
  An adder zombie (D:4)
  A worm (D:2)
  2 dart slugs
  28 orcs
  5 ball pythons
  6 bats
  12 endoplasms
  2 giant cockroaches
  16 goblins
  5 hobgoblins
  7 jackals (D:1)
  9 quokkas
  5 frilled lizards
  16 kobolds
  3 rats
289 creatures vanquished.

Vanquished Creatures (others)
  2 bushes
  16 fungi
  44 plants
62 creatures vanquished.

Grand Total: 351 creatures vanquished

Notes
Turn   | Place    | Note
-------+----------+-------------------------------------------
     0 | D:1      | 1994 the Tengu Venom Mage began the quest for the Orb.
     0 | D:1      | Reached XP level 1. HP: 10/10 MP: 4/4
   685 | D:1      | Reached XP level 2. HP: 16/16 MP: 3/6
   729 | D:1      | Reached skill level 1 in Transmutations
   752 | D:1      | Learned a level 2 spell: Poisonous Vapours
   820 | D:1      | Reached skill level 1 in Fighting
   880 | D:1      | Reached XP level 3. HP: 9/20 MP: 3/7
  1180 | D:1      | Found a faded altar of an unknown god.
  1737 | D:2      | Reached skill level 1 in Long Blades
  1937 | D:2      | Reached skill level 1 in Armour
  1937 | D:2      | Reached skill level 1 in Air Magic
  2073 | D:2      | Reached XP level 4. HP: 21/25 MP: 6/8
  3164 | D:3      | Noticed an ogre
  3247 | D:3      | Killed an ogre
  3248 | D:3      | Gained mutation: Your magical nature lets you fly swiftly
                  | and evasively. [Tengu growth]
  3248 | D:3      | Reached XP level 5. HP: 18/30 MP: 0/9
  3455 | D:3      | Reached skill level 2 in Long Blades
  3825 | D:3      | Noticed a steam dragon
  3841 | D:4      | Learned a level 3 spell: Mephitic Cloud
  3873 | D:4      | Found a blossoming altar of Fedhas.
  3877 | D:4      | Noticed a necrophage
  3877 | D:4      | Noticed a necrophage
  3878 | D:4      | Noticed a necrophage
  3879 | D:4      | Noticed a necrophage
  4153 | D:3      | Killed a steam dragon
  4154 | D:3      | Reached skill level 1 in Conjurations
  4154 | D:3      | Reached XP level 6. HP: 15/36 MP: 3/10
  4408 | D:4      | Noticed Menkaure
  4412 | D:4      | Killed Menkaure
  4413 | D:4      | Reached XP level 7. HP: 40/40 MP: 11/11
  4418 | D:4      | Learned a level 4 spell: Olgreb's Toxic Radiance
  4578 | D:4      | Noticed Robin
  4974 | D:4      | Reached skill level 3 in Long Blades
  5085 | D:4      | Killed Robin
  5414 | D:4      | Reached XP level 8. HP: 23/46 MP: 8/13
  6468 | D:5      | Entered Level 5 of the Dungeon
  6747 | D:5      | Reached skill level 4 in Long Blades
  7130 | D:5      | Reached skill level 5 in Dodging
  7372 | D:5      | Reached XP level 9. HP: 52/52 MP: 7/14
  7785 | D:6      | Identified the +2 ring mail "Huzxev" {Dex+4}
  8298 | D:6      | Noticed Maggie
  8326 | D:6      | Killed Maggie
  8327 | D:6      | Reached skill level 5 in Conjurations
  8418 | D:6      | Noticed Eustachio
  8431 | D:6      | Killed Eustachio
  8620 | D:7      | Reached skill level 5 in Long Blades
  8772 | D:7      | Reached skill level 5 in Armour
  8772 | D:7      | Reached skill level 5 in Air Magic
  8894 | D:7      | Reached skill level 5 in Fighting
  9141 | D:7      | Reached skill level 5 in Poison Magic
  9394 | D:7      | Found a staircase to the Ecumenical Temple.
  9500 | Temple   | Entered the Ecumenical Temple
  9661 | Temple   | Became a worshipper of Warmaster Okawaru
  9876 | D:7      | Found a stormy altar of Qazlal.
 10218 | D:8      | Found an iron altar of Okawaru.
 10219 | D:8      | Found an opulent altar of Gozag.
 10219 | D:8      | Found a radiant altar of Vehumet.
 10219 | D:8      | Found an opulent altar of Gozag.
 10225 | D:8      | Noticed a troll
 10321 | D:7      | Killed a troll
 10322 | D:7      | Reached XP level 10. HP: 30/59 MP: 1/17
 10504 | D:8      | Reached * piety under Okawaru
 10505 | D:8      | Reached skill level 6 in Long Blades
 10882 | D:8      | Noticed a two-headed ogre
 10939 | D:7      | Killed a two-headed ogre
 10940 | D:7      | Reached skill level 1 in Shields
 11433 | D:8      | Reached ** piety under Okawaru
 11513 | D:8      | Noticed a boulder beetle
 11537 | D:7      | Killed a boulder beetle
 11772 | D:8      | Noticed a six-headed hydra
 12217 | D:8      | Reached *** piety under Okawaru
 12235 | D:8      | Learned a level 6 spell: Eringya's Noxious Bog
 12237 | D:8      | Learned a level 1 spell: Apportation
 12251 | D:8      | Noticed a centaur warrior
 12251 | D:8      | Noticed a green ugly thing
 12333 | D:8      | Killed a purple ugly thing
 12334 | D:8      | Reached skill level 7 in Long Blades
 12334 | D:8      | Reached XP level 11. HP: 46/66 MP: 9/18
 12464 | D:8      | Noticed a boulder beetle
 12478 | D:8      | Killed a boulder beetle
 12511 | D:8      | Noticed a cyclops
 12801 | D:8      | Noticed a deep elf pyromancer
 12802 | D:8      | Killed a cyclops
 12810 | D:8      | Killed a deep elf pyromancer
 12810 | D:8      | Reached **** piety under Okawaru
 12864 | D:8      | Noticed a cyclops
 12907 | D:8      | Killed a cyclops
 13428 | D:7      | Killed a one-headed hydra
 13429 | D:7      | Reached skill level 1 in Invocations
 13523 | D:8      | Killed a centaur warrior
 13780 | D:9      | Found a white marble altar of Elyvilon.
 13876 | D:9      | Found a glowing golden altar of the Shining One.
 14043 | D:9      | Noticed a cyan ugly thing
 14212 | D:9      | Reached ***** piety under Okawaru
 14217 | D:9      | Reached skill level 5 in Spellcasting
 14307 | D:9      | Killed a cyan ugly thing
 14564 | D:9      | Reached skill level 8 in Long Blades
 14606 | D:9      | Found a staircase to the Lair.
 14746 | D:9      | Noticed Erolcha
 15264 | D:10     | Entered Level 10 of the Dungeon
 15360 | D:10     | Reached XP level 12. HP: 64/72 MP: 9/20
 15737 | D:10     | Found a staircase to the Orcish Mines.
 15824 | D:10     | Identified the +4 kite shield of the Loofah {+Inv rF- rCorr
                  | Str+2} (Okawaru gifted it to you on level 10 of the
                  | Dungeon)
 15824 | D:10     | Received a gift from Okawaru
 16371 | D:10     | Found a staircase to the Orcish Mines.
 17842 | Lair:1   | Entered Level 1 of the Lair of Beasts
 18002 | Lair:1   | Noticed a five-headed hydra
 18312 | Lair:2   | Noticed a boulder beetle
 18445 | Lair:2   | Noticed an eight-headed hydra
 18775 | Lair:1   | Killed a one-headed hydra
 19631 | Lair:2   | Found a staircase to the Shoals.
 21143 | Lair:2   | Killed a one-headed hydra
 21220 | Lair:3   | Reached skill level 5 in Shields
 21446 | Lair:3   | Reached skill level 9 in Long Blades
 21535 | Lair:3   | Noticed Snorg
 21588 | Lair:3   | Found a staircase to the Snake Pit.
 21627 | Lair:3   | HP: 2/75 [komodo dragon (10)]
 21681 | Lair:3   | Found a dark tunnel.
 21688 | Volcano  | Entered a volcano
 22048 | Volcano  | Noticed a hell knight
 22106 | Volcano  | Mangled by a hell knight

Illustrated notes

Levels and vault maps discovered:
D:1:      saegor_arrival_simple_e, layout_loops_corners,
          dilly_ecumenical_altar_fadedgnrine
D:2:      layout_basic, grunt_ministairs_15, minmay_pentomino_u2
D:3:      layout_loops_corners, grunt_decor_mini_mirrors
D:4:      minmay_inner_zag, layout_gridville, fedhas_altar_decomposition,
          uniq_menkaure, uniq_robin
D:5:      layout_loops_corners
D:6:      layout_loops_ring, uniq_maggie, uniq_eustachio
D:7:      layout_loops_ring, general_overflow_altar, minmay_temple_entry_hall
D:8:      minmay_the_grid_octo_tiled_octocenter
          [minmay_the_grid_octo_vomiting_pacman,
          minmay_the_grid_octo_checkerflower, minmay_the_grid_octo_shrine,
          minmay_the_grid_octo_tetromino_candy,
          minmay_the_grid_octo_prize_big_c, minmay_the_grid_square_5x5_spiral,
          minmay_the_grid_square_5x5_empty,
          minmay_the_grid_square_5x5_two_small,
          minmay_the_grid_square_5x5_minivault], layout_rooms
D:9:      layout_irregular_city, mainiacjoe_overflow_catch_the_wave,
          david_lair_generic, uniq_erolcha
D:10:     layout_grid_maze, minmay_orc_entry_temple_small
D:11:     layout_irregular_city
Temple:   hc_temple_tempest_star
Lair:1:   layout_cave_pods, grunt_forest_small_clearings
Lair:2:   layout_layer_cave, minmay_shoals_entry_centaurs, beast_lair_carwin_8
Lair:3:   layout_layer_cave, minmay_snake_entry_six_corridors, enter_volcano_3,
          kennysheep_rathole, uniq_snorg
Volcano:  volcano_pools

Skill      XL: |  1  2  3  4  5  6  7  8  9 10 11 12 |
---------------+-------------------------------------+-----
Transmutations | 1 2 4 |  4.0
Fighting       | 1 2 3 4 5 6 7 8 |  8.4
Long Blades    | 1 2 3 4 5 7 8 9 |  9.1
Armour         | 1 2 3 4 5 6 8 |  8.4
Air Magic      | 1 2 3 4 5 |  5.0
Dodging        | 3 4 5 6 7 8 |  8.9
Conjurations   | 1 3 4 5 |  5.0
Spellcasting   | 3 4 5 |  5.7
Poison Magic   | 4 5 6 7 8 |  8.3
Shields        | 2 4 5 |  5.2
Invocations    | 1 2 |  2.9
Stealth        | |  2.0

Action                   |  1- 3 |  4- 6 |  7- 9 | 10-12 || total
-------------------------+-------+-------+-------+-------++-------
Melee: Unarmed           |     3 |       |       |       ||     3
       Kick              |    13 |    20 |   101 |   168 ||   302
       Dagger            |    83 |    93 |   321 |   467 ||   964
       Peck              |     8 |    16 |    62 |   127 ||   213
       Long sword        |       |       |    25 |   104 ||   129
       War axe           |       |       |       |    28 ||    28
Throw: Stone             |       |       |     2 |       ||     2
 Cast: Sting             |    32 |    32 |     4 |    15 ||    83
       Poisonous Vapours |     1 |    11 |    61 |   145 ||   218
       Olgreb's Toxic Ra |       |       |     3 |    19 ||    22
       Mephitic Cloud    |       |       |     3 |    10 ||    13
Evoke: Wand              |       |     4 |       |    12 ||    16
  Use: Scroll            |       |     4 |     6 |    18 ||    28
       Potion            |       |       |       |     4 ||     4
 Stab: Sleeping          |     5 |     3 |     6 |     2 ||    16
       Distracted        |       |       |     1 |     1 ||     2
       Confused          |       |       |     2 |     8 ||    10
Armor: Leather armour    |    31 |    38 |       |       ||    69
       Robe              |     1 |       |       |       ||     1
       Steam dragon scal |       |       |    82 |   167 ||   249
Dodge: Dodged            |    59 |    60 |   252 |   630 ||  1001
Block: Buckler           |       |       |       |   184 ||   184

Table legend: (Time is in decaauts)
 A = Elapsed time spent in this place.
 B = Non-inter-level travel time spent in this place.
 C = Inter-level travel time spent in this place.
 D = Time resting spent in this place.
 E = Time spent auto-exploring this place.
 F = Levels seen in this place.
 G = Mean time per level.
                   A        B        C        D        E       F      G
               +--------+--------+--------+--------+--------+-----+--------+
         Total |  20806 |  19956 |    850 |   6365 |   8013 |  16 | 1300.4 |
       Dungeon |  16701 |  15980 |    721 |   5358 |   6084 |  11 | 1518.3 |
        Temple |    156 |    120 |     36 |      0 |    108 |   1 |  156.0 |
          Lair |   3532 |   3440 |     92 |    692 |   1764 |   3 | 1177.3 |
       Volcano |    416 |    416 |      0 |    314 |     55 |   1 |  416.0 |
               +--------+--------+--------+--------+--------+-----+--------+

Top non-repeatable levels by time:
     D:7: 2928 daAuts
     D:4: 1955 daAuts
  Lair:2: 1941 daAuts
     D:8: 1796 daAuts
     D:1: 1679 daAuts
    D:10: 1463 daAuts
     D:2: 1423 daAuts
     D:9: 1388 daAuts
     D:3: 1192 daAuts
  Lair:1: 1140 daAuts
     D:5: 1053 daAuts
     D:6: 942 daAuts
    D:11: 876 daAuts
  Lair:3: 450 daAuts
 Volcano: 416 daAuts
